Match 40833314
Unlisted

Match 40833314
End
Vickers Machine Gun Team
Construct Section Command Post
Selects Heavy Armor Battlegroup
Dingo Light Scout Car
Infantry Section
Infantry Section
Construct Platoon Command Post
6-pounder Anti-tank Gun Team
CMP 15cwt Truck
Selects Light Vehicle Withdraw and Refit
Selects Radio Net
Grenade Package
Infantry Section
Infantry Training
Royal Engineer Section
Construct Company Command Post
Selects Recon Artillery
Selects Recon Artillery
Unlock M3 Grant Medium Tanks
Selects Rigorous Vehicle Training
Selects Forward Repair Assembly
M3 Grant Medium Tank
6-pounder Anti-tank Gun Team
Selects Recon Artillery
M3 Grant Medium Tank
Recon Artillery
Royal Engineer Section
M3 Grant Medium Tank
Recon Artillery
Selects Churchill Black Prince Heavy Tank
Churchill Black Prince Heavy Tank
Infantry Section
Recon Artillery
Unlock Bishop Self-propelled Artillery
Bishop Self-propelled Artillery
Monseigneur
Dumpster Bob
彡★🔻SALADIN🔻★彡
[CoA] Deathkrieg
Zlatan
123
0
0

Comments sign in to comment!

No comments posted yet!